 Dungeon Sprint DCSS version 0.26-a0-966-gd078a86f14 (webtiles) character file.

Game seed: 13295058460002456397

275 mhtbhm the Fighter (level 6, 17/63 HPs)
             Began as a Minotaur Fighter on Dec 3, 2020.
             Quit the game in the Dungeon (Sprint VII: "The Pits").
             The game lasted 00:00:48 (110 turns).

mhtbhm the Fighter (Minotaur Fighter)                Turns: 110, Time: 00:00:49

Health: 17/63      AC:  8    Str: 22    XL:     6   Next: 3%
Magic:  5/5        EV:  8    Int:  5    God:
Gold:   0          SH: 11    Dex: 10    Spells: 5/5 levels left

rFire    . . .     SeeInvis .   a - +0 long sword
rCold    . . .     Faith    .   c - +0 kite shield
rNeg     . . .     Spirit   .   b - +0 scale mail
rPois    .         Reflect  .   (helmet restricted)
rElec    .         Harm     .   (no cloak)
rCorr    .         Rampage  .   (no gloves)
MR       .....     NoTele   +   (no boots)
Stlth    ..........             (no amulet)
HPRegen  0.20/turn              (no ring)
MPRegen  0.09/turn              (no ring)

@: no status effects
A: retaliatory headbutt, horns 2
a: no special abilities


You were in the Dungeon.
You visited 1 branch

Inventory:

Hand Weapons
 a - a +0 long sword (weapon)
Armour
 b - a +0 scale mail (worn)
 c - a +0 kite shield (worn)
Potions
 e - a potion of curing
 h - 2 potions of magic


   Skills:
 + Level 9.1 Fighting
 + Level 6.0 Long Blades
 + Level 8.5 Armour
 + Level 0.4 Dodging
 + Level 9.0 Shields


You had 5 spell levels left.
You didn't know any spells.
Your spell library was empty.

Dungeon Overview and Level Annotations

Branches:
Dungeon (1/1)

Altars:


Innate Abilities, Weirdness & Mutations

You reflexively headbutt those who attack you in melee.
You have a pair of horns on your head.


Message History

Your extra speed is starting to run out.
Things that are here:
a +0 mace; a +0 plate armour You feel yourself slow down.
You open the door.
A river rat comes into view.
The river rat completely misses you.
You riposte.
You barely miss the river rat.
There is an open door to the Storerooms (Easy) here.
You slice the river rat!!
You kill the river rat!
Your Long Blades skill increases to level 6!
Your Shields skill increases to level 9!
You feel a little less mighty now.
You see here a river rat corpse.
Unknown command.
Unknown command.
Unknown command.
Unknown command.
Are you sure you want to abandon this character and quit the game? (Confirm with "yes".)

##########++###
#+##.)............
+.##))....#..#....
##########@##..............
#..........†'..............
#+#####+#####....).#..#....
#..............
####'#####''###
#.......##+'###
#.......##J....
#.......##.....
#...<...###o...


There were no monsters in sight!

Vanquished Creatures
  A large abomination (D)
  An orc warrior (D)
  A jelly (D)
  A river rat (D)
  4 orcs (D)
8 creatures vanquished.

Notes
Turn   | Place    | Note
-------+----------+-------------------------------------------
     0 | D        | mhtbhm the Minotaur Fighter began the quest for the Orb.
     0 | D        | Reached XP level 1. HP: 19/19 MP: 0/0
    16 | D        | Noticed a jelly
    16 | D        | Noticed a large abomination
    16 | D        | Noticed an orc warrior
    31 | D        | Killed a jelly
    32 | D        | Reached skill level 5 in Fighting
    32 | D        | Reached skill level 5 in Armour
    32 | D        | Reached skill level 5 in Shields
    32 | D        | Reached XP level 2. HP: 25/29 MP: 1/1
    32 | D        | Reached XP level 3. HP: 31/36 MP: 2/2
    37 | D        | HP: 2/54 [large abomination (15)]
    41 | D        | Killed a large abomination
    42 | D        | Reached skill level 5 in Long Blades
    42 | D        | Reached XP level 4. HP: 3/48 MP: 3/3
    42 | D        | Reached XP level 5. HP: 4/53 MP: 4/4
    42 | D        | HP: 1/53 [orc/+0 club (2)]
    50 | D        | Killed an orc warrior
    53 | D        | Reached XP level 6. HP: 8/63 MP: 5/5
   110 | D        | Quit the game

Illustrated notes

Levels and vault maps discovered:
D:        pitsprint [storerooms_1, entrance_room_1, metal_vault_2, armoury_3,
          mini_pit_1, grid_room_1, main_hall_1, silver_pit, the_coven_1,
          the_vestibule_1, steel_vault_4, golden_pit, hallway_of_sentries,
          crystal_vault_5, iron_vault_2, final_vault]

Skill      XL: |  1  2  3  4  5  6 |
---------------+-------------------+-----
Fighting       | 5 8 9 |  9.1
Long Blades    | 3 5 6 |  6.0
Armour         | 5 7 8 |  8.5
Shields        | 5 8 9 |  9.0
Dodging        | |  0.4

Action                   |  1- 3 |  4- 6 || total
-------------------------+-------+-------++-------
Melee: Long sword        |    12 |     9 ||    21
       Headbutt          |     4 |     4 ||     8
  Use: Potion            |     2 |     2 ||     4
       Scroll            |       |     1 ||     1
Armor: Scale mail        |     5 |     3 ||     8
Dodge: Dodged            |     2 |     4 ||     6
Block: Kite shield       |     6 |     8 ||    14
       Rpst.: Long sword |       |     3 ||     3

Table legend: (Time is in decaauts)
 A = Elapsed time spent in this place.
 B = Non-inter-level travel time spent in this place.
 C = Inter-level travel time spent in this place.
 D = Time resting spent in this place.
 E = Time spent auto-exploring this place.
 F = Levels seen in this place.
 G = Mean time per level.
                   A        B        C        D        E       F      G
               +--------+--------+--------+--------+--------+-----+--------+
         Total |     98 |     98 |      0 |     19 |     16 |   1 |   98.0 |
       Dungeon |     98 |     98 |      0 |     19 |     16 |   1 |   98.0 |
               +--------+--------+--------+--------+--------+-----+--------+

Top non-repeatable levels by time:
       D: 98 daAuts
